Map: Moondance

Players

PiLiPiLi - Winner!

  • Race: Protoss Protoss
  • Spawn Location: 6:00

Creature

  • Race: Protoss Protoss
  • Spawn Location: 12:00

Event: DreamHack SC2 Masters 2022 Atlanta (Offline)

VOD

Have the link to the VOD?

Description

Time

  • Played on: Nov. 18, 2022, 10:48 a.m.
  • Length: 10:15

All games in this series

Show
View Real Time Build Order
Export as new Build Order

PiLiPiLi Protoss - Winner!

Build Orders: Zealot Archon 

Get SALT Encoding   

  12  0:00  Probe  
  13  0:12  Probe  
  14  0:17  Pylon  
  14  0:24  Probe (Chrono Boost)  
  15  0:36  Probe (Chrono Boost)  
  15  0:37  Gateway  
  16  0:45  Probe (Chrono Boost)  
  16  0:46  Assimilator  
  17  0:51  Probe  
  18  1:03  Probe (Chrono Boost)  
  19  1:04  Assimilator  
  19  1:11  Gateway  
  19  1:14  Probe (Chrono Boost)  
  20  1:19  Probe (Chrono Boost)  
  21  1:26  Cybernetics Core  
  21  1:29  Probe  
  21  1:38  Pylon  
  21  1:41  Probe  
  22  1:53  Probe  
  23  2:02  Adept x2, Warp Gate  
  27  2:10  Pylon  
  27  2:21  Probe  
  28  2:32  Sentry  
  28  2:33  Sentry, Probe  
  33  2:45  Probe  
  34  2:54  Nexus  
  34  3:02  Pylon  
  34  3:06  Probe, Stalker  
  37  3:18  Probe  
  38  3:20  Gateway  
  38  3:21  Pylon  
  34  3:30  Probe  
  35  3:38  Twilight Council  
  35  3:46  Probe  
  36  3:51  Stalker x2  
  36  3:55  Robotics Facility  
  40  3:58  Probe  
  41  4:04  Shield Battery  
  41  4:09  Blink (Chrono Boost)  
  39  4:10  Probe, Pylon  
  39  4:12  Probe  
  39  4:32  Probe x2  
  39  4:33  Stalker  
  43  4:44  Probe  
  43  4:46  Probe  
  43  4:50  Pylon  
  43  4:51  Observer (Chrono Boost)  
  45  4:55  Stalker  
  45  4:56  Probe  
  45  4:58  Probe  
  44  5:08  Probe, Stalker  
  44  5:11  Probe  
  49  5:14  Observer  
  49  5:20  Probe  
  50  5:22  Stalker  
  50  5:23  Probe  
  53  5:32  Probe  
  53  5:35  Probe  
  55  5:40  Stalker  
  57  5:43  Nexus  
  57  5:44  Probe, Pylon  
  57  5:47  Probe  
  57  5:48  Charge  
  59  5:57  Immortal  
  59  6:03  Probe  
  65  6:04  Probe  
  65  6:07  Pylon  
  64  6:17  Shield Battery  
  64  6:20  Gateway  
  64  6:21  Gateway  
  64  6:26  Gateway x2  
  64  6:33  Probe  
  64  6:34  Probe  
  64  6:37  Gateway  
  66  6:42  Gateway  
  66  6:45  Observer, Probe (Chrono Boost)  
  68  6:48  Pylon  
  68  6:51  Probe (Chrono Boost)  
  69  6:58  Probe (Chrono Boost)  
  70  7:04  Probe (Chrono Boost)  
  70  7:06  Probe (Chrono Boost)  
  73  7:09  Probe (Chrono Boost)  
  73  7:10  Templar Archives  
  73  7:11  Warp Prism  
  73  7:12  Probe  
  73  7:14  Zealot  
  79  7:18  Probe  
  79  7:23  Gateway  
  79  7:25  Zealot  
  79  7:26  Zealot  
  79  7:27  Gateway  
  84  7:35  Pylon  
  84  7:36  Zealot  
  84  7:37  Zealot x3  
  87  7:39  Zealot  
  93  7:47  Zealot, High Templar x2  
  93  7:51  Archon  
  99  7:58  Zealot x4  
  103  8:01  Warp Prism  
  109  8:07  Pylon  
  105  8:25  Zealot x3  
  105  8:26  Zealot x5  
  121  8:27  Zealot  
  107  8:55  Zealot x9  
  107  9:20  Stalker x2  
  107  9:21  Stalker x8  
  117  9:47  Zealot x8  
  121  10:05  Stalker x2  
  121  10:09  Stalker x4  
  121  10:10  Zealot  
Show
View Real Time Build Order
Export as new Build Order

Creature Protoss 

Build Orders: Oracle Opening 

Get SALT Encoding   

  12  0:00  Probe  
  13  0:12  Probe  
  14  0:17  Pylon  
  14  0:24  Probe (Chrono Boost)  
  15  0:36  Probe (Chrono Boost)  
  15  0:37  Gateway  
  16  0:43  Probe (Chrono Boost)  
  16  0:45  Assimilator  
  17  0:51  Probe  
  17  0:55  Assimilator  
  18  1:03  Probe (Chrono Boost)  
  19  1:07  Gateway  
  19  1:12  Probe (Chrono Boost)  
  19  1:17  Probe (Chrono Boost)  
  20  1:25  Cybernetics Core  
  21  1:29  Probe  
  22  1:38  Pylon  
  22  1:41  Probe  
  23  1:57  Probe  
  24  2:01  Adept x2  
  24  2:02  Warp Gate  
  28  2:16  Pylon  
  28  2:19  Stargate  
  28  2:27  Pylon  
  28  2:35  Stalker  
  30  2:40  Stalker  
  32  3:01  Pylon  
  32  3:07  Nexus  
  32  3:16  Probe  
  32  3:19  Shield Battery  
  32  3:28  Oracle (Chrono Boost), Probe  
  36  3:40  Probe  
  37  3:43  Twilight Council  
  37  3:52  Probe  
  37  3:53  Shield Battery  
  38  3:59  Pylon  
  38  4:04  Probe  
  39  4:20  Probe x2 (Chrono Boost)  
  41  4:24  Blink (Chrono Boost)  
  41  4:30  Probe (Chrono Boost)  
  41  4:31  Probe (Chrono Boost)  
  42  4:34  Sentry, Stalker  
  42  4:37  Probe  
  47  4:40  Probe  
  49  4:49  Probe  
  49  4:52  Robotics Facility, Probe  
  51  5:05  Probe  
  48  5:07  Gateway  
  48  5:11  Probe, Gateway  
  48  5:14  Stalker x2  
  53  5:15  Shield Battery  
  53  5:17  Probe  
  53  5:20  Pylon  
  54  5:28  Probe  
  55  5:29  Assimilator  
  55  5:32  Assimilator  
  55  5:34  Probe  
  55  5:35  Pylon  
  56  5:40  Stalker x2  
  60  5:46  Immortal  
  64  5:50  Probe  
  64  5:54  Probe  
  66  6:02  Probe  
  67  6:11  Stalker x4  
  69  6:14  Pylon  
  75  6:28  Charge (Chrono Boost)  
  75  6:33  Pylon  
  75  6:36  Observer  
  76  6:40  Pylon  
  76  6:41  Nexus  
  76  6:42  Probe  
  77  6:51  Gateway x2  
  77  6:54  Gateway  
  77  6:57  Gateway  
  77  7:05  Stalker  
  77  7:06  Stalker  
  81  7:15  Zealot, Templar Archives  
  83  7:17  Zealot  
  83  7:20  Shield Battery  
  85  7:26  Probe x2  
  85  7:29  Pylon  
  87  7:37  Pylon  
  87  7:38  Probe  
  87  7:43  Probe  
  89  7:46  Assimilator  
  89  7:49  Zealot x3  
  89  7:50  Probe  
  96  7:58  High Templar x2  
  96  8:04  Shield Battery  
  100  8:08  High Templar  
  100  8:09  High Templar  
  100  8:10  Zealot x4  
  100  8:11  Archon  
  112  8:14  Archon  
  112  8:22  Pylon  
  112  8:27  Warp Prism (Chrono Boost)  
  105  8:45  Zealot x2  
  105  8:46  Zealot x5  
  74  9:10  Stalker x2  
  74  9:11  Zealot x5  
  80  9:21  Pylon  
  80  9:32  High Templar x4  
  80  9:35  Archon  
  80  9:36  Archon  
  88  9:39  Zealot x3  
  88  9:40  Probe  
  87  9:50  Zealot  
  85  9:59  Zealot x5  
  76  10:04  Zealot x2  
Tags
 
Add a new tag
Caveats
  • Supply blocks, unpowered buildings, or Contaminate may cause inaccurate times.
  • Supply counts are checked every 10 seconds.